PAA
MARQUETTE MINERS @ LANNISTER UNITED LIONHEARTS
08/17/2021
 
TOP OF THE 1ST
Marquette Miners batting - Pitching for Lannister United Lionhearts : LHP Greg Kelly
Pitching: LHP Greg Kelly
Batting: LHB José Ortega 0-0: Ball
1-0: Ground out U3 (Groundball, 3L)
Batting: RHB Adrian Hale 0-0: Called Strike
0-1: Swinging Strike
0-2: Strikes out swinging
Batting: RHB Gerald Clark 0-0: Ball
1-0: Ball
2-0: Called Strike
2-1: Ground out 5-3 (Groundball, 56)
Top of the 1st over - 0 run(s), 0 hit(s), 0 error(s), 0 left on base; Marquette 0 - Lannister United 0
BOTTOM OF THE 1ST
Lannister United Lionhearts batting - Pitching for Marquette Miners : RHP Víctor García
Pitching: RHP Víctor García
Batting: RHB Tristan Kuhn 0-0: SINGLE (Flyball, 89S)
Batting: RHB Carlos Pacheco 0-0: Foul Ball, location: 2F
0-1: Ball
1-1: Foul Ball, location: 2F
1-2: Ball
2-2: Foul Ball, location: 2F
2-2: Foul Ball, location: 2F
2-2: Ball
3-2: Strikes out swinging
Batting: RHB Pedro Herrera 0-0: Fly out, F3 (Popup, 3S)
Batting: LHB Kenko Ueda 0-0: Fly out, F7 (Line Drive, 7M)
Bottom of the 1st over - 0 run(s), 1 hit(s), 0 error(s), 1 left on base; Marquette 0 - Lannister United 0
TOP OF THE 2ND
Marquette Miners batting - Pitching for Lannister United Lionhearts : LHP Greg Kelly
Batting: RHB Pedro Pérez 0-0: SINGLE (Flyball, 8RS)
Batting: LHB Jorge Flores 0-0: Ball
1-0: Called Strike
1-1: Ball
2-1: SINGLE (Groundball, 6)
Pedro Pérez to second
Batting: RHB Francis Kelly 0-0: Ball
1-0: Foul Ball, location: 2F
1-1: Foul Ball, location: 2F
1-2: Ball
2-2: Ball
3-2: Foul Ball, location: 2F
3-2: Foul Ball, location: 2F
3-2: Ground out 5-3 (Groundball, 56S)
Pedro Pérez to third
Jorge Flores to second
Batting: RHB Tim Burnett 0-0: Ball
1-0: Ground out 6-3 (Groundball, 6)
Pedro Pérez scores
Jorge Flores to third
Batting: RHB Howard Kelly 0-0: Ground out 4-3 (Groundball, 4M)
Top of the 2nd over - 1 run(s), 2 hit(s), 0 error(s), 1 left on base; Marquette 1 - Lannister United 0
BOTTOM OF THE 2ND
Lannister United Lionhearts batting - Pitching for Marquette Miners : RHP Víctor García
Batting: RHB Chris Hopkins 0-0: Ball
1-0: Ball
2-0: Ground out 6-3 (Groundball, 6)
Batting: RHB Edgar Carrillo 0-0: Ball
1-0: Ground out 5-3 (Groundball, 5S)
Batting: RHB Bartolo Martínez 0-0: Ground out 6-3 (Groundball, 6M)
Bottom of the 2nd over - 0 run(s), 0 hit(s), 0 error(s), 0 left on base; Marquette 1 - Lannister United 0
TOP OF THE 3RD
Marquette Miners batting - Pitching for Lannister United Lionhearts : LHP Greg Kelly
Batting: RHB Félix De La Hoya 0-0: Fly out, F8 (Line Drive, 8RM)
Batting: LHB José Ortega 0-0: Foul Ball, location: 2F
0-1: Foul Ball, location: 2F
0-2: Ball
1-2: Foul Ball, location: 2F
1-2: Ball
2-2: Fly out, F9 (Flyball, 9M)
Batting: RHB Adrian Hale 0-0: Called Strike
0-1: Bunt missed!
0-2: Foul Ball, location: 2F
0-2: Ball
1-2: Ball
2-2: Fly out, F7 (Flyball, 7M)
Top of the 3rd over - 0 run(s), 0 hit(s), 0 error(s), 0 left on base; Marquette 1 - Lannister United 0
BOTTOM OF THE 3RD
Lannister United Lionhearts batting - Pitching for Marquette Miners : RHP Víctor García
Batting: LHB Edward Carlson 0-0: Ball
1-0: Ball
2-0: Ball
3-0: Base on Balls
Batting: RHB Cale Beazley 0-0: Called Strike
0-1: Ball
1-1: Ball
2-1: Swinging Strike
2-2: Foul Ball, location: 2F
2-2: Strikes out swinging
Batting: RHB Tristan Kuhn 0-0: Ball
1-0: Fly out, F5 (Popup, 7LSF)
Batting: RHB Carlos Pacheco 0-0: Ball
1-0: Ball
2-0: Called Strike
2-1: Ground out 5-3 (Groundball, 56S)
Bottom of the 3rd over - 0 run(s), 0 hit(s), 0 error(s), 1 left on base; Marquette 1 - Lannister United 0
TOP OF THE 4TH
Marquette Miners batting - Pitching for Lannister United Lionhearts : LHP Greg Kelly
Batting: RHB Gerald Clark 0-0: Ball
1-0: Foul Ball, location: 2F
1-1: Ground out 5-3 (Groundball, 5)
Batting: RHB Pedro Pérez 0-0: Ground out 4-3 (Groundball, 13)
Batting: LHB Jorge Flores 0-0: Foul Ball, location: 2F
0-1: Called Strike
0-2: Strikes out swinging
Top of the 4th over - 0 run(s), 0 hit(s), 0 error(s), 0 left on base; Marquette 1 - Lannister United 0
BOTTOM OF THE 4TH
Lannister United Lionhearts batting - Pitching for Marquette Miners : RHP Víctor García
Batting: RHB Pedro Herrera 0-0: Ball
1-0: Called Strike
1-1: Swinging Strike
1-2: Ball
2-2: Foul Ball, location: 2F
2-2: Ball
3-2: SINGLE (Line Drive, 56)
Batting: LHB Kenko Ueda 0-0: Called Strike
0-1: Ball
1-1: Fly out, F7 (Flyball, 7M)
Batting: RHB Chris Hopkins 0-0: Called Strike
0-1: Ball
Pedro Herrera is caught stealing 2nd base
1-1: Ground out 5-3 (Groundball, 5)
Bottom of the 4th over - 0 run(s), 1 hit(s), 0 error(s), 0 left on base; Marquette 1 - Lannister United 0
TOP OF THE 5TH
Marquette Miners batting - Pitching for Lannister United Lionhearts : LHP Greg Kelly
Batting: RHB Francis Kelly 0-0: DOUBLE (Line Drive, 78S)
Batting: RHB Tim Burnett 0-0: Ground out 6-3 (Groundball, 6)
Batting: RHB Howard Kelly 0-0: Called Strike
0-1: Ball
Francis Kelly steals 3rd base
1-1: Bunted foul
1-2: Foul Ball, location: 2F
1-2: Ground out 5-3 (Groundball, 5)
Batting: RHB Félix De La Hoya 0-0: Ball
1-0: Called Strike
1-1: Ball
2-1: Ball
3-1: Base on Balls
Batting: LHB José Ortega Pickoff Throw to First - Out!
Top of the 5th over - 0 run(s), 1 hit(s), 0 error(s), 0 left on base; Marquette 1 - Lannister United 0
BOTTOM OF THE 5TH
Lannister United Lionhearts batting - Pitching for Marquette Miners : RHP Víctor García
Batting: RHB Edgar Carrillo 0-0: Called Strike
0-1: Ball
1-1: Ball
2-1: Foul Ball, location: 2F
2-2: Ground out 6-3 (Groundball, 6)
Batting: RHB Bartolo Martínez 0-0: Foul Ball, location: 2F
0-1: Foul Ball, location: 2F
0-2: Ball
1-2: Strikes out swinging
Batting: LHB Edward Carlson 0-0: Called Strike
0-1: Ground out 4-3 (Groundball, 4S)
Bottom of the 5th over - 0 run(s), 0 hit(s), 0 error(s), 0 left on base; Marquette 1 - Lannister United 0
TOP OF THE 6TH
Marquette Miners batting - Pitching for Lannister United Lionhearts : LHP Greg Kelly
Batting: LHB José Ortega 0-0: Ball
1-0: Ball
2-0: Ball
3-0: Called Strike
3-1: Foul Ball, location: 2F
3-2: Strikes out looking
Batting: RHB Adrian Hale 0-0: Called Strike
0-1: Ball
1-1: Called Strike
1-2: Fly out, F9 (Flyball, 89D)
Batting: RHB Gerald Clark 0-0: Foul Ball, location: 2F
0-1: Called Strike
0-2: Ball
1-2: Ball
2-2: Ball
3-2: SINGLE (Groundball, 56D)
Batting: RHB Pedro Pérez 0-0: Ball
1-0: Ground out 5-3 (Groundball, 5S)
Top of the 6th over - 0 run(s), 1 hit(s), 0 error(s), 1 left on base; Marquette 1 - Lannister United 0
BOTTOM OF THE 6TH
Lannister United Lionhearts batting - Pitching for Marquette Miners : RHP Víctor García
Batting: RHB Cale Beazley 0-0: Ball
1-0: Called Strike
1-1: Fly out, F9 (Flyball, 9M)
Batting: RHB Tristan Kuhn 0-0: Ball
1-0: Ball
2-0: Swinging Strike
2-1: Foul Ball, location: 2F
2-2: Ball
3-2: Strikes out swinging
Batting: RHB Carlos Pacheco 0-0: Ground out U3 (Groundball, 3S)
Bottom of the 6th over - 0 run(s), 0 hit(s), 0 error(s), 0 left on base; Marquette 1 - Lannister United 0
TOP OF THE 7TH
Marquette Miners batting - Pitching for Lannister United Lionhearts : LHP Greg Kelly
Batting: LHB Jorge Flores 0-0: Ball
1-0: Ball
2-0: Ball
3-0: Base on Balls
Batting: RHB Francis Kelly 0-0: Foul Ball, location: 2F
0-1: Ball
1-1: Foul Ball, location: 2F
1-2: SINGLE (Line Drive, 8LS)
Jorge Flores to second
Batting: RHB Tim Burnett 0-0: Bunted foul
0-1: Sac Bunt - play at first, batter OUT! 1-4
Jorge Flores to third
Francis Kelly to second
Batting: RHB Howard Kelly 0-0: Ball
1-0: Swinging Strike
1-1: Ground out 6-3 (Groundball, 6)
Pinch Hitting: RHB Wayne Cameron 0-0: Foul Ball, location: 2F
0-1: Ball
1-1: Ball
2-1: Swinging Strike
2-2: Ball
3-2: Foul Ball, location: 2F
3-2: Foul Ball, location: 2F
3-2: Foul Ball, location: 2F
3-2: Strikes out looking
Top of the 7th over - 0 run(s), 1 hit(s), 0 error(s), 2 left on base; Marquette 1 - Lannister United 0
BOTTOM OF THE 7TH
Lannister United Lionhearts batting - Pitching for Marquette Miners : RHP Víctor García
Now at SS: Wayne Cameron
Batting: RHB Pedro Herrera 0-0: Foul Ball, location: 2F
0-1: Ground out 6-3 (Groundball, 56)
Batting: LHB Kenko Ueda 0-0: Called Strike
0-1: Ball
1-1: Fly out, F9 (Flyball, 89D)
Batting: RHB Chris Hopkins 0-0: Ball
1-0: Ball
2-0: Called Strike
2-1: Foul Ball, location: 2F
2-2: Strikes out swinging
Bottom of the 7th over - 0 run(s), 0 hit(s), 0 error(s), 0 left on base; Marquette 1 - Lannister United 0
TOP OF THE 8TH
Marquette Miners batting - Pitching for Lannister United Lionhearts : LHP Greg Kelly
Pitching: LHP Manuel Franco
Batting: LHB José Ortega 0-0: Called Strike
0-1: Called Strike
0-2: Ball
1-2: Ball
2-2: Ground out 4-3 (Groundball, 4)
Batting: RHB Adrian Hale 0-0: Foul Ball, location: 2F
0-1: Ball
1-1: Swinging Strike
1-2: Foul Ball, location: 2F
1-2: Fly out, F8 (Line Drive, 8RS)
Batting: RHB Gerald Clark 0-0: Called Strike
0-1: Ball
1-1: Ball
2-1: Foul Ball, location: 2F
2-2: SINGLE (Groundball, 56)
Batting: RHB Pedro Pérez 0-0: Ball
1-0: Called Strike
1-1: SINGLE (Line Drive, 78S)
Gerald Clark to second
Batting: LHB Jorge Flores 0-0: Foul Ball, location: 2F
0-1: Ground out 2-3 (Groundball, 13S)
Top of the 8th over - 0 run(s), 2 hit(s), 0 error(s), 2 left on base; Marquette 1 - Lannister United 0
BOTTOM OF THE 8TH
Lannister United Lionhearts batting - Pitching for Marquette Miners : RHP Víctor García
Batting: RHB Edgar Carrillo 0-0: Ground out 6-3 (Groundball, 6)
Batting: RHB Bartolo Martínez 0-0: SINGLE (Line Drive, 6MD)
Batting: LHB Edward Carlson 0-0: Foul Ball, location: 2F
0-1: Ball
1-1: Called Strike
1-2: Strikes out swinging
Pinch Hitting: RHB Jorge Féliz 0-0: Fly out, F9 (Flyball, 9M)
Bottom of the 8th over - 0 run(s), 1 hit(s), 0 error(s), 1 left on base; Marquette 1 - Lannister United 0
TOP OF THE 9TH
Marquette Miners batting - Pitching for Lannister United Lionhearts : LHP Manuel Franco
Pitching: RHP Kent Hubbard
Now at 3B: Jorge Féliz
Batting: RHB Francis Kelly 0-0: Ball
1-0: DOUBLE (Groundball, 5L)
Pinch Hitting: LHB Jim Unknown 0-0: Intentional Walk
Batting: RHB Howard Kelly 0-0: Ball
1-0: Bunted foul
1-1: Ball
2-1: Sac Bunt - play at first, batter OUT! 1-4
Francis Kelly to third
Jim Unknown to second
Batting: RHB Wayne Cameron 0-0: SINGLE (Line Drive, 78M)
Francis Kelly scores
Jim Unknown to third
Batting: LHB José Ortega 0-0: Ball
1-0: Fly out, F7 (Flyball, 7LM)
Runner from 3rd tags up, SCORES, throw made
Batting: RHB Adrian Hale 0-0: Ball
1-0: Ball
2-0: Ball
Pickoff Throw to First - Out!
Top of the 9th over - 2 run(s), 2 hit(s), 0 error(s), 0 left on base; Marquette 3 - Lannister United 0
BOTTOM OF THE 9TH
Lannister United Lionhearts batting - Pitching for Marquette Miners : RHP Víctor García
Now at 2B: Jim Unknown
Batting: RHB Tristan Kuhn 0-0: Foul Ball, location: 2F
0-1: Fly out, F9 (Popup, 9S)
Batting: RHB Carlos Pacheco 0-0: Swinging Strike
0-1: Foul Ball, location: 2F
0-2: Foul Ball, location: 2F
0-2: Strikes out swinging
Batting: RHB Pedro Herrera 0-0: Ball
1-0: Swinging Strike
1-1: Swinging Strike
1-2: Strikes out swinging
Bottom of the 9th over - 0 run(s), 0 hit(s), 0 error(s), 0 left on base; Marquette 3 - Lannister United 0
This league is powered by Out of the Park Baseball, the baseball management simulation game for PC, Mac and Linux
Friday, January 22nd, 2016 - OOTP Baseball 16.9 Build 39